 Dungeon Crawl Stone Soup version 0.29-a0-506-ga2e7fffb44 (webtiles) character file.

Game seed: 3721271744833423818

310 spaghetti the Skirmisher (level 6, -28/76 HPs)
             Began as a Barachi Berserker on May 28, 2022.
             Was a Believer of Trog.
             Killed from afar by Ijyb (30 damage)
             ... with a bolt of acid
             ... on level 3 of the Dungeon.
             The game lasted 00:02:46 (2203 turns).

spaghetti the Skirmisher (Barachi Berserker)        Turns: 2203, Time: 00:02:47

Health: -28/76     AC:  6    Str: 21    XL:     6   Next: 41%
Magic:  6/6        EV:  7    Int:  7    God:    Trog [**....]
Gold:   140        SH:  0    Dex: 11    Spells: 5/5 levels left

rFire   . . .      SeeInvis .   g - +3 woodcutter's axe {vorpal}
rCold   . . .      Faith    .   (shield currently unavailable)
rNeg    . . .      Spirit   .   e - +0 plate armour
rPois   .          Reflect  .   (no helmet)
rElec   .          Harm     .   l - +1 cloak
rCorr   .          Rampage  .   (no gloves)
Will    .....                   (no boots)
Stlth   ..........              h - amulet of the acrobat
HPRegen 0.22/turn               (no ring)
MPRegen 0.10/turn               (no ring)

@: berserking, corroded, unable to hop, very quick
A: amphibious, slowness 1, strong legs 1, +LOS
a: Hop, Renounce Religion, Berserk, Trog's Hand


You were on level 3 of the Dungeon.
You worshipped Trog.
Trog was pleased with you.
You visited 1 branch of the dungeon, and saw 3 of its levels.

You collected 140 gold pieces.


Innate Abilities, Weirdness & Mutations

You are amphibious.
You cover ground slowly.
You can hop short distances.
You have an extended range of vision and can be seen from far away.


   Skills:
 + Level 5.2 Fighting
 + Level 0.0 Throwing
 + Level 4.1 Armour
 + Level 4.1 Dodging
 - Level 4.8 Unarmed Combat


You had 5 spell levels left.
You didn't know any spells.
Your spell library contained the following spells:

 Spells                   Type           Power      Damage    Failure   Level
 Foxfire                  Conj/Fire      0%         2x1d4     100%        1
 Call Canine Familiar     Summ           0%         N/A       100%        3
 Conjure Flame            Conj/Fire      0%         6-21      100%        3
 Inner Flame              Hex/Fire       0%         N/A       100%        3
 Portal Projectile        Hex/Tloc       0%         N/A       100%        3
 Flame Wave               Conj/Fire      0%         2d4       100%        4
 Leda's Liquefaction      Hex/Erth       0%         N/A       100%        4

Inventory:

Hand Weapons
 g - the +3 woodcutter's axe (weapon) {vorpal}
   (You found it on level 2 of the Dungeon)

   It inflicts extra damage upon your enemies.
Missiles
 c - 18 stones (quivered) {throwing}
 m - a throwing net {=f!fthrowing}
Armour
 a - a +0 animal skin
 e - a +0 plate armour (worn)
   (You found it on level 1 of the Dungeon)
 l - a +1 cloak (worn)
   (You found it on level 2 of the Dungeon)
Jewellery
 h - an amulet of the acrobat (around neck)
   (You found it on level 2 of the Dungeon)
Wands
 n - a wand of flame (3)
   (You took it off Sigmund on level 2 of the Dungeon)
Scrolls
 d - 2 scrolls of enchant armour {unknown}
 f - 2 scrolls of fog {unknown}
 i - 2 scrolls of teleportation {unknown}
 j - 2 scrolls of fear
 k - a scroll of identify {unknown}
Potions
 b - a potion of heal wounds {unknown}

Dungeon Overview and Level Annotations

Branches:
Dungeon (3/15)

Altars:

Annotations:
D:3 Ijyb

##......†........
#................ #
..........○.......#
#.##.............((....
#.....##..............#
#.... .....(.......(.##
#.....####.>>.....(.##
#......g.....###..#
#.@...#### ....
#..##.....# ##(# #.(#
#####... .# #..# # ....
..... ...> .... ###


You could see Ijyb.


Message History

There is a shaft here.
Key pressed, stopping explore.
Done exploring.
Okay, then.
Done exploring.
Done exploring.
Done exploring.
(D) Dungeon
Where to? (Enter - D:2, ? - help)
There is a stone staircase leading down here.
You climb downwards.
The adder hisses angrily.
The hobgoblin shouts! x2
Found a stone staircase leading up and two stone staircases leading down.
There is a stone staircase leading up here.
There are monsters nearby!
Unknown command.
There are monsters nearby!
There are monsters nearby!
You throw a stone {throwing}. The stone {throwing} hits the adder.
You throw a stone {throwing}. The stone {throwing} hits the adder.
You throw a stone {throwing}.
The stone {throwing} closely misses the adder.
You slice the adder!!
You kill the adder!
Trog accepts your kill.
You throw a stone {throwing}.
The stone {throwing} hits the hobgoblin.
You barely miss the hobgoblin. The hobgoblin hits you.
You slash the hobgoblin!
You kill the hobgoblin!
Trog accepts your kill.
You can now call upon Trog for regeneration and willpower.
You hit the hobgoblin. The hobgoblin closely misses you.
You closely miss the hobgoblin. The hobgoblin barely misses you.
Unknown command.
You barely miss the hobgoblin. The hobgoblin barely misses you.
You slash the hobgoblin!
You kill the hobgoblin!
Trog accepts your kill.
c - 26 stones {throwing} (gained 1)
A hobgoblin comes into view.
The hobgoblin shouts!
A hobgoblin is nearby!
A hobgoblin is nearby!
A hobgoblin is nearby!
You throw a stone {throwing}.
The stone {throwing} hits the hobgoblin but does no damage.
You throw a stone {throwing}.
The stone {throwing} barely misses the hobgoblin.
You throw a stone {throwing}.
The stone {throwing} closely misses the hobgoblin.
You throw a stone {throwing}.
The stone {throwing} closely misses the hobgoblin.
You throw a stone {throwing}.
The stone {throwing} hits the hobgoblin.
A rat comes into view.
You throw a stone {throwing}.
The stone {throwing} hits the hobgoblin.
Ijyb the Twisted Goblin comes into view.
She is wielding a +0 club and carrying a wand of acid (7).
The hobgoblin hits you but does no damage.
Ijyb shouts!
You slash the hobgoblin!
You kill the hobgoblin!
Trog accepts your kill.
You throw a stone {throwing}.
The stone {throwing} closely misses the rat.
You throw a stone {throwing}. The stone {throwing} hits the rat.
You kill the rat!
Trog accepts your kill.
Ijyb zaps a wand.
The bolt of acid hits you. The acid corrodes you!
You are too injured to fight recklessly! 😕 HP[-5]
You take 5 damage, and now have 46/51 hp.
Unknown command.
Hop to where?
Press: ? - help, Dir - move target
Found a stone staircase leading down.
Boing!
Ijyb zaps a wand.
The bolt of acid hits you!! The acid corrodes you! 😮 HP[-19]
You take 19 damage, and now have 27/51 hp.
MASSIVE DAMAGE!! (PAUSE) Unknown command.
You slash Ijyb!
Ijyb zaps a wand.
The bolt of acid hits you!!
Ouch! That really hurt!
* * * LOW HITPOINT WARNING * * *
The acid corrodes you! 😱 HP[-26]
You take 26 damage, and now have 1/51 hp.
MASSIVE DAMAGE!! (PAUSE) Unknown command.
Okay, then.
A red film seems to cover your vision as you go berserk!
You feel yourself moving faster!
You feel mighty!
Ijyb zaps a wand.
The bolt of acid hits you!!
You die...

Skill      XL: |  1  2  3  4  5  6 |
---------------+-------------------+-----
Fighting       | 4 5 |  5.2
Armour         | 3 4 |  4.1
Dodging        | 3 4 |  4.1
Unarmed Combat | 4 |  4.8

Action                   |  1- 3 |  4- 6 || total
-------------------------+-------+-------++-------
Melee: Unarmed           |    95 |    39 ||   134
       Punch             |     3 |       ||     3
       Battleaxe         |       |     8 ||     8
Throw: Stone             |       |    12 ||    12
Invok: Berserk           |     1 |     2 ||     3
       Trog's Hand       |     1 |     1 ||     2
 Abil: Hop               |       |     2 ||     2
  Use: Scroll            |     1 |       ||     1
       Potion            |       |     3 ||     3
Armor: Animal skin       |    11 |       ||    11
       Plate armour      |    26 |    20 ||    46
       Skin              |       |     5 ||     5
Dodge: Dodged            |    46 |    16 ||    62

Levels and vault maps discovered:
D:1:      minmay_arrival_four_houses, layout_basic, basic_ecumenical_altar,
          minmay_tromino_v4_c
D:2:      layout_basic, pf_guarded_unrand_woodcutter, uniq_sigmund
D:3:      layout_rooms, mainiacjoe_overflow_alcove_1, led_xom_imps,
          demons_altar, hangedman_abyss_or_decor_lesser_grid, uniq_grinder,
          uniq_robin, uniq_ijyb

Notes
Turn   | Place    | Note
-------+----------+-------------------------------------------
     0 | D:1      | spaghetti the Barachi Berserker began the quest for the
                  | Orb.
     0 | D:1      | Reached XP level 1. HP: 18/18 MP: 1/1
     0 | D:1      | magus.rc [v1.9.6]
   145 | D:1      | HP: 4/19 [goblin/+0 club (3)]
   407 | D:1      | Found a faded altar of an unknown god.
   415 | D:1      | Reached XP level 2. HP: 19/25 MP: 2/2
   638 | D:1      | Reached skill level 4 in Fighting
   812 | D:1      | You pick up a book of Flames {forbidden} and begin
                  | reading...
   812 | D:1      | You add the spells Foxfire, Conjure Flame, Inner Flame and
                  | Flame Wave to your library.
   992 | D:1      | Reached XP level 3. HP: 28/30 MP: 3/3
  1496 | D:2      | You pick up a book of the Hunter {forbidden} and begin
                  | reading...
  1496 | D:2      | You add the spells Call Canine Familiar, Portal Projectile
                  | and Leda's Liquefaction to your library.
  1598 | D:2      | Noticed Sigmund
  1600 | D:2      | Reached ** piety under Trog
  1614 | D:2      | Killed Sigmund
  1615 | D:2      | Reached skill level 3 in Armour
  1615 | D:2      | Reached skill level 3 in Dodging
  1615 | D:2      | Reached skill level 4 in Unarmed Combat
  1615 | D:2      | Reached XP level 4. HP: 26/38 MP: 4/4
  1615 | D:2      | Reached XP level 5. HP: 29/43 MP: 5/5
  1812 | D:2      | Reached skill level 5 in Fighting
  1822 | D:2      | Reached XP level 6. HP: 50/51 MP: 6/6
  1822 | D:2      | Found the +3 woodcutter's axe {vorpal}
  1835 | D:2      | HP: 9/51 [gnoll sergeant/+0 spear (6)]
  1844 | D:2      | Reached skill level 4 in Armour
  1844 | D:2      | Reached skill level 4 in Dodging
  2197 | D:3      | Noticed Ijyb
  2202 | D:3      | HP: 1/51 [Ijyb/bolt of acid (26)]
  2203 | D:3      | Killed from afar by Ijyb

Vanquished Creatures
  Sigmund (D:2)
  A gnoll sergeant (D:2)
  4 gnolls (D:2)
  An adder (D:3)
  A dart slug (D:1)
  4 endoplasms
  A giant cockroach (D:2)
  3 goblins
  10 hobgoblins
  A quokka (D:2)
  5 ball pythons
  3 bats (D:1)
  A frilled lizard (D:1)
  5 kobolds
  3 rats
44 creatures vanquished.

Table legend:
 A = Non-vault XP
 B = Vault XP
 C = Vault XP percentage of total XP
 D = Non-vault monster count
 E = Vault monster count
 F = Vault count percentage of total count
                 A         B        C        D         E       F
            +---------+---------+-------+---------+---------+-------
      Total |      77 |     367 |  82.7 |      38 |       6 |  13.6
            +---------+---------+-------+---------+---------+-------
        D:1 |      39 |       0 |   0.0 |      23 |       0 |   0.0
        D:2 |      18 |     367 |  95.3 |      10 |       6 |  37.5
        D:3 |      20 |       0 |   0.0 |       5 |       0 |   0.0
            +---------+---------+-------+---------+---------+-------

Illustrated notes

Table legend:
 A = Kills in this place as a percentage of kills in entire the game.
 B = Kills by you in this place as a percentage of kills by you in the entire game.
 C = Kills by friends in this place as a percentage of kills by friends in the entire game.
 D = Other kills in this place as a percentage of other kills in the entire game.
 E = Experience gained in this place as a percentage of experience gained in the entire game.
 F = Experience gained in this place divided by the number of levels of this place that you have seen.
                   A       B       C       D       E      F
               +-------+-------+-------+-------+-------+----------------------
         Total | 100.0 | 100.0 |   N/A |   N/A | 100.0 | 148.0
       Dungeon | 100.0 | 100.0 |   N/A |   N/A | 100.0 | 148.0
               +-------+-------+-------+-------+-------+----------------------

Table legend: (Time is in decaauts)
 A = Elapsed time spent in this place.
 B = Non-inter-level travel time spent in this place.
 C = Inter-level travel time spent in this place.
 D = Time resting spent in this place.
 E = Time spent auto-exploring this place.
 F = Levels seen in this place.
 G = Mean time per level.
                   A        B        C        D        E       F      G
               +--------+--------+--------+--------+--------+-----+--------+
         Total |   2372 |   2340 |     32 |    494 |   1486 |   3 |  790.7 |
       Dungeon |   2372 |   2340 |     32 |    494 |   1486 |   3 |  790.7 |
               +--------+--------+--------+--------+--------+-----+--------+

Top non-repeatable levels by time:
     D:1: 1335 daAuts
     D:2: 1006 daAuts
     D:3: 30 daAuts
